 Dungeon Crawl Stone Soup version 0.30-a0-956-gcec3b41aec (webtiles) character file.

Game seed: 15892796966958300143

3371 IdlyInterested the Slicer (level 9, -3/74 HPs)
             Began as a Demonspawn Fighter on Mar 29, 2023.
             Was an Initiate of Dithmenos.
             Slain by a vampire (11 damage)
             ... on level 9 of the Dungeon.
             The game lasted 00:29:05 (7739 turns).

IdlyInterested the Slicer (Demonspawn Fighter)      Turns: 7739, Time: 00:29:06

Health: -3/74      AC:  7    Str: 24    XL:     9   Next: 73%
Magic:  12/12      EV:  9    Int: 11    God:    Dithmenos [......]
Gold:   352        SH:  0    Dex: 14    Spells: 8/12 levels left

rFire   . . .      SeeInvis .    z - +0 short sword (speed)
rCold   + . .      Faith    .    c - +0 buckler
rNeg    . . .      Spirit   .    b - +0 scale mail
rPois   .          Reflect  .    (helmet restricted)
rElec   .          Rampage  .    y - scarf {+Inv}
rCorr   .                        (no gloves)
Will    .....                    (no boots) Stlth
                                 p - amulet of regeneration
HPRegen 1.92/turn                r - +6 ring of strength
MPRegen 0.13/turn                D - ring of protection from cold

@: confused, ambrosia-drunk, hasted, invisible, unable to read, very quick
A: claws 1, rugged brown scales 1, condensation shield, demonic magic 2,
antennae 1, regeneration 1, inability to read after injury 1
a: Renounce Religion, Evoke Invisibility


You were on level 9 of the Dungeon.
You worshipped Dithmenos.
Dithmenos was noncommittal.
You visited 2 branches of the dungeon, and saw 10 of its levels.
You also visited: Sewer.

You collected 538 gold pieces.
You spent 186 gold pieces at shops.

Inventory:

Hand Weapons
 a - a +1 rapier
 k - a +1 dagger of venom
 v - a +1 dagger of draining
 z - a +0 short sword of speed (weapon)
Missiles
 m - 53 stones (quivered)
 x - 3 boomerangs
 A - 5 atropa-tipped darts
 E - 3 poisoned darts
Armour
 b - a +0 scale mail (worn)
 c - a +0 buckler (worn)
 y - a scarf of invisibility (worn)
Jewellery
 p - an amulet of regeneration (around neck)
 r - a +6 ring of strength (left claw)
 t - an amulet of magic regeneration
 D - a ring of protection from cold (right claw)
Wands
 w - a wand of flame (15)
 C - a wand of mindburst (5)
 F - a wand of iceblast (19)
Scrolls
 h - 2 scrolls of immolation
 l - 5 scrolls of teleportation
 o - 2 scrolls of magic mapping
 u - 2 scrolls of blinking
 B - a scroll of identify
Potions
 e - 2 potions of haste
 g - a potion of invisibility
 i - 4 potions of attraction
 j - a potion of heal wounds
 n - 2 potions of curing
 q - 8 potions of brilliance
 s - a potion of mutation
 G - a potion of magic


   Skills:
 + Level 7.5 Fighting
 * Level 8.8 Short Blades
 - Level 2.2 Maces & Flails
 - Level 3.0 Armour
 - Level 4.0 Stealth
 - Level 2.6 Shields
 + Level 2.4 Spellcasting
 - Level 4.0 Translocations


You had 8 spell levels left.
You knew the following spells:

 Your Spells              Type           Power      Damage    Failure   Level
a - Manifold Assault      Tloc           10%        N/A       86%         4

Your spell library contained the following spells:

 Spells                   Type           Power      Damage    Failure   Level
 Blink                    Tloc           20%        N/A       26%         2
 Vhi's Electric Charge    Tloc/Air       10%        N/A       75%         3
 Ensorcelled Hibernation  Hex/Ice        2%         N/A       80%         2
 Passwall                 Tmut/Erth      0%         N/A       80%         2
 Static Discharge         Conj/Air       2%         2-3/arc   80%         2
 Swiftness                Air            1%         N/A       95%         3
 Arcjolt                  Conj/Air       0%         1d10      100%        5
 Plasma Beam              Fire/Air       0%         2x1d7     100%        5
 Summon Forest            Summ/Tloc      2%         N/A       100%        5
 Summon Mana Viper        Hex/Summ       1%         N/A       100%        5
 Conjure Ball Lightning   Conj/Air       0%         3x3d6     100%        6
 Summon Cactus Giant      Summ           0%         N/A       100%        6
 Storm Form               Tmut/Air       0%         N/A       100%        7
 Discord                  Hex            0%         N/A       100%        8
 Disjunction              Tloc           5%         N/A       100%        8


Dungeon Overview and Level Annotations

Branches:
Dungeon (9/15)             Temple (1/1) D:7            Lair (0/5) D:8
  Sewer (visited)
    Orc: D:9-12

Altars:
Ashenzari
Dithmenos
Fedhas
Gozag
Hepliaklqana
Makhleb
Nemelex Xobeh
Okawaru
Qazlal
Ru
Sif Muna
Trog
Uskayaw
Vehumet
Wu Jian
Yredelemnul
Jiyva

Shops:
D:2 (   D:3 ?


Innate Abilities, Weirdness & Mutations

You have sharp fingernails.
You are partially covered in rugged brown scales. (AC +1, +3% HP)
A meltable shield of frost defends you. (SH +4)
Spells you cast may paralyse nearby enemies.
You have a pair of small antennae on your head.
Your natural rate of healing is unusually fast.
You occasionally lose the ability to read scrolls when taking damage.


Message History

Something bites you but does no damage.
You barely miss something. You miss something. You hit something.
Something hits you but does no damage. Something bites you!
Something draws strength from your injuries!
You hit something but do no damage. You miss something.
You closely miss something. You miss something. Something hits you.
Something bites you.
Something draws strength from your injuries!
You miss something. You hit something but do no damage.
You closely miss something. You hit something. Something hits you!
You feel threatened and lose the ability to read scrolls!
Something bites you.
Something draws strength from your injuries!
You fade into invisibility!
Something hits you. You block something's attack.
You miss something. You hit something but do no damage.
You barely miss something. Something hits you. Something bites you!
* * * LOW HITPOINT WARNING * * *
Something draws strength from your injuries!
You closely miss something.
You are confused.
You feel invigorated. Something hits you.
* * * LOW HITPOINT WARNING * * *
Something bites you but does no damage.
You completely miss something. You hit something but do no damage.
You bump into the rock wall.
Something hits you!
* * * LOW HITPOINT WARNING * * *
Something bites you!
* * * LOW HITPOINT WARNING * * *
Something draws strength from your injuries!
You closely miss something. You hit something but do no damage.
You closely miss something. Something hits you!
You die...

##########
#....)...#
+........#
#........#
#....<...+
#........#
#.....@{.#
###+######


There were no monsters in sight!

Vanquished Creatures
  Pikel (D:6)
  A yak (D:8)
  4 water moccasins (D:8)
  An orc warrior (D:8)
  Pargi (Sewer)
  2 ice beasts
  2 black bears
  A sky beast (D:6)
  2 ogres
  4 centaurs
  A kobold brigand (D:6)
  A phantom (D:6)
  3 bullfrogs
  A scorpion (D:5)
  5 wights (D:7)
  2 jellies (D:5)
  A gnoll bouda (D:6)
  3 orc priests
  5 hounds
  4 iguanas
  4 orc wizards
  8 gnolls
  7 adders
  2 river rats (D:3)
  4 white imps
  2 worms
  4 dart slugs
  19 orcs
  13 ball pythons
  6 endoplasms
  5 giant cockroaches
  5 goblins
  2 hobgoblins
  2 jackals (D:1)
  6 quokkas
  5 bats
  5 frilled lizards
  13 kobolds
  7 rats
164 creatures vanquished.

Vanquished Creatures (others)
  2 bullfrogs (D:8)
  22 fungi (D:8)
  17 plants (D:8)
41 creatures vanquished.

Grand Total: 205 creatures vanquished

Notes
Turn   | Place    | Note
-------+----------+-------------------------------------------
     0 | D:1      | IdlyInterested the Demonspawn Fighter began the quest for
                  | the Orb.
     0 | D:1      | Reached XP level 1. HP: 18/18 MP: 1/1
   119 | D:1      | Gained mutation: Spells you cast may paralyse adjacent
                  | enemies. [demonic ancestry]
   119 | D:1      | Reached XP level 2. HP: 24/24 MP: 2/2
   554 | D:1      | Reached skill level 1 in Short Blades
   695 | D:2      | Found Setes's Antique Weapon Shoppe.
   716 | D:2      | Gained mutation: You have sharp fingernails. [demonic
                  | ancestry]
   716 | D:2      | Reached XP level 3. HP: 28/28 MP: 3/3
  1051 | D:2      | You fall into a shaft and drop 2 floors!
  1154 | D:3      | Found Qawikiuf's Magic Scroll Boutique.
  1357 | D:3      | Reached skill level 1 in Stealth
  1357 | D:3      | Reached XP level 4. HP: 10/35 MP: 4/4
  1376 | D:3      | Found a glowing drain.
  1384 | Sewer    | Entered a sewer
  1426 | Sewer    | Reached skill level 2 in Short Blades
  1453 | Sewer    | Noticed Pargi
  1475 | Sewer    | Killed Pargi
  1476 | Sewer    | Reached XP level 5. HP: 38/42 MP: 5/5
  1957 | D:2      | Reached skill level 3 in Short Blades
  1990 | D:3      | Found a stormy altar of Qazlal.
  2060 | D:3      | Found an opulent altar of Gozag.
  2478 | D:4      | Found a sacrificial altar of Ru.
  2808 | D:4      | Gained mutation: A meltable shield of frost defends you.
                  | (SH +4) [demonic ancestry]
  2808 | D:4      | Reached XP level 6. HP: 48/48 MP: 6/6
  2818 | D:4      | Learned a level 4 spell: Manifold Assault
  3316 | D:5      | Entered Level 5 of the Dungeon
  3419 | D:3      | Bought a scroll of blinking for 90 gold pieces
  3419 | D:3      | Bought a scroll of identify for 24 gold pieces
  3420 | D:3      | Bought a scroll of identify for 24 gold pieces
  3421 | D:3      | Bought a scroll of identify for 24 gold pieces
  3421 | D:3      | Bought a scroll of identify for 24 gold pieces
  3454 | D:5      | Noticed an ice beast
  3477 | D:5      | Killed an ice beast
  3498 | D:5      | Reached skill level 4 in Short Blades
  3648 | D:5      | Found an ornate altar of the Wu Jian Council.
  3840 | D:5      | Gained mutation: You are partially covered in rugged brown
                  | scales. (AC +1, +3% HP) [demonic ancestry]
  3840 | D:5      | Reached XP level 7. HP: 41/56 MP: 7/7
  3919 | D:5      | Reached skill level 5 in Fighting
  4154 | D:5      | Reached skill level 5 in Short Blades
  4741 | D:6      | Reached skill level 1 in Translocations
  4741 | D:6      | Reached XP level 8. HP: 60/64 MP: 8/8
  4980 | D:6      | Noticed Pikel
  5017 | D:6      | Killed Pikel
  5018 | D:6      | Reached skill level 6 in Short Blades
  5210 | D:6      | Found a bloodstained altar of Trog.
  5598 | D:7      | Reached skill level 7 in Short Blades
  5867 | D:7      | Gained mutation: Spells you cast may paralyse nearby
                  | enemies. [demonic ancestry]
  5867 | D:7      | Reached XP level 9. HP: 21/73 MP: 9/9
  6114 | D:7      | Found a sparkling altar of Nemelex Xobeh.
  6296 | D:7      | Found a staircase to the Ecumenical Temple.
  6302 | Temple   | Entered the Ecumenical Temple
  6745 | Temple   | Became a worshipper of Dithmenos the Shadowed
  6861 | D:8      | Found a staircase to the Lair.
  6884 | D:8      | Reached skill level 8 in Short Blades
  6884 | D:8      | Reached skill level 1 in Spellcasting
  7585 | D:8      | Gained mutation: You are weak. (Str -2) [potion of
                  | mutation]
  7585 | D:8      | Gained mutation: Your body sometimes deteriorates upon
                  | taking damage. [potion of mutation]
  7586 | D:8      | Lost mutation: Your body sometimes deteriorates upon taking
                  | damage. [potion of mutation]
  7586 | D:8      | Lost mutation: You are weak. (Str -2) [potion of mutation]
  7586 | D:8      | Gained mutation: You are frail. (-10% HP) [potion of
                  | mutation]
  7587 | D:8      | Lost mutation: You are frail. (-10% HP) [potion of
                  | mutation]
  7587 | D:8      | Gained mutation: Your natural rate of healing is unusually
                  | fast. [potion of mutation]
  7587 | D:8      | Gained mutation: You occasionally lose the ability to read
                  | scrolls when taking damage. [potion of mutation]
  7587 | D:8      | Gained mutation: You have a pair of small antennae on your
                  | head. [potion of mutation]
  7739 | D:9      | Slain by a vampire

Illustrated notes

Levels and vault maps discovered:
D:1:      minmay_arrival_arboretum_small, layout_rooms,
          chequers_serial_rivers_marsh, nicolae_figureground_sparkle
D:2:      layout_basic, serial_shops, nicolae_shop_overgrown_old_shop
D:3:      layout_loops_ring, mainiacjoe_overflow_catch_the_wave,
          gup_sewer_entry_bubbles, serial_shops,
          nicolae_shop_competitors_out_of_business, hex_large
D:4:      layout_loops_corners, nicolae_ru_awakened_eye
D:5:      layout_basic, lemuel_round_altar
D:6:      layout_loops_ring, lemuel_tele_altar, kennysheep_mini,
          chequers_serial_rivers_micro_e, uniq_pikel
D:7:      layout_basic, nemelex_altar_shiori,
          minmay_temple_entry_enclosed_plants
D:8:      layout_basic, due_lair_maze_entry_diamond
D:9:      layout_roguey, tso_oasis_becter, serial_shops, shop,
          serial_park_tiny_2
Temple:   pf_slime_end_temple

Skill      XL: |  1  2  3  4  5  6  7  8  9 |
---------------+----------------------------+-----
Maces & Flails | 2 |  2.2
Armour         | 3 |  3.0
Short Blades   | 1 2 3 4 5 7 8 |  8.8
Stealth        | 1 2 3 4 |  4.0
Fighting       | 4 5 6 7 |  7.5
Translocations | 1 4 |  4.0
Spellcasting   | 2 |  2.4
Shields        | |  2.6

Action                     |  1- 3 |  4- 6 |  7- 9 || total
---------------------------+-------+-------+-------++-------
  Melee: Flail             |    21 |       |       ||    21
         Dagger            |   112 |   230 |   513 ||   855
         Punch             |       |     2 |     1 ||     3
         Short sword       |       |       |    81 ||    81
  Throw: Stone             |       |     8 |    10 ||    18
    Use: Scroll            |    10 |     6 |     3 ||    19
         Potion            |       |       |     8 ||     8
   Stab: Invisible         |       |       |     8 ||     8
 Armour: Scale mail        |    47 |    83 |   139 ||   269
  Dodge: Dodged            |    36 |   106 |   139 ||   281
  Block: Buckler           |    26 |    24 |   124 ||   174
         Other             |       |    14 |    19 ||    33

Table legend: (Time is in decaauts)
 A = Elapsed time spent in this place.
 B = Non-inter-level travel time spent in this place.
 C = Inter-level travel time spent in this place.
 D = Time resting spent in this place.
 E = Time spent auto-exploring this place.
 F = Levels seen in this place.
 G = Mean time per level.
                   A        B        C        D        E       F      G
               +--------+--------+--------+--------+--------+-----+--------+
         Total |   7607 |   6499 |   1108 |    437 |   3963 |  11 |  691.5 |
       Dungeon |   7168 |   6108 |   1060 |    428 |   3833 |   9 |  796.4 |
        Temple |    146 |     98 |     48 |      0 |     23 |   1 |  146.0 |
         Sewer |    293 |    293 |      0 |      9 |    107 |   1 |  293.0 |
               +--------+--------+--------+--------+--------+-----+--------+

Top non-repeatable levels by time:
     D:5: 1156 daAuts
     D:4: 1071 daAuts
     D:7: 1040 daAuts
     D:6: 902 daAuts
     D:3: 835 daAuts
     D:1: 824 daAuts
     D:8: 814 daAuts
     D:2: 504 daAuts
   Sewer: 293 daAuts
  Temple: 146 daAuts
     D:9: 18 daAuts
